Map: Frozen Temple

Players

llllllllllll - Winner!

  • Race: Protoss Protoss
  • League: Diamond

BlobbyColoss

  • Race: Protoss Protoss
  • League: Diamond

VOD

Have the link to the VOD?

Description

Time

  • Played on: Oct. 9, 2016, 12:24 p.m.
  • Length: 17:23
Show
View Real Time Build Order
Export as new Build Order

llllllllllll Protoss - Winner!

Build Orders:  

Get SALT Encoding   

  12  0:01  Probe (Chrono Boost)  
  13  0:12  Probe (Chrono Boost)  
  14  0:22  Probe (Chrono Boost), Pylon  
  15  0:40  Probe (Chrono Boost)  
  15  0:42  Forge  
  16  0:50  Probe (Chrono Boost)  
  16  1:01  Probe (Chrono Boost)  
  17  1:23  Pylon  
  17  1:30  Gateway  
  17  1:35  Assimilator  
  17  1:39  Assimilator  
  17  1:40  Probe (Chrono Boost)  
  18  1:51  Probe (Chrono Boost), Pylon  
  19  2:01  Probe (Chrono Boost)  
  20  2:12  Probe (Chrono Boost)  
  21  2:23  Probe (Chrono Boost)  
  21  2:25  Nexus  
  21  2:33  Probe (Chrono Boost)  
  22  2:39  Photon Cannon  
  22  2:40  Pylon  
  22  2:48  Probe (Chrono Boost)  
  23  2:54  Cybernetics Core  
  24  3:13  Probe (Chrono Boost)  
  24  3:15  Pylon  
  24  3:25  Probe (Chrono Boost)  
  25  3:35  Stargate  
  25  3:36  Probe (Chrono Boost), Stargate  
  26  3:44  Photon Cannon  
  26  3:54  Probe (Chrono Boost)  
  27  4:01  Mothership Core (Chrono Boost)  
  29  4:04  Probe (Chrono Boost)  
  29  4:06  Assimilator  
  30  4:15  Probe (Chrono Boost)  
  31  4:25  Probe (Chrono Boost)  
  31  4:29  Probe (Chrono Boost)  
  31  4:31  Void Ray  
  33  4:36  Probe (Chrono Boost)  
  38  4:43  Probe (Chrono Boost)  
  39  4:47  Void Ray, Probe (Chrono Boost)  
  44  4:57  Probe (Chrono Boost)  
  44  4:59  Photon Cannon  
  45  5:08  Probe (Chrono Boost)  
  41  5:18  Probe (Chrono Boost)  
  41  5:20  Void Ray  
  46  5:28  Probe (Chrono Boost)  
  46  5:35  Pylon  
  47  5:38  Pylon  
  47  5:40  Void Ray  
  51  5:49  Probe (Chrono Boost)  
  52  5:51  Assimilator  
  52  5:59  Probe (Chrono Boost)  
  52  6:03  Void Ray  
  57  6:10  Probe (Chrono Boost)  
  58  6:12  Pylon  
  58  6:14  Photon Cannon  
  58  6:21  Probe (Chrono Boost)  
  59  6:28  Void Ray  
  59  6:32  Probe (Chrono Boost)  
  64  6:50  Photon Cannon  
  64  6:52  Pylon  
  64  6:55  Void Ray  
  64  7:00  Stargate  
  68  7:05  Probe (Chrono Boost)  
  69  7:15  Probe (Chrono Boost)  
  70  7:17  Probe (Chrono Boost)  
  71  7:26  Probe (Chrono Boost), Pylon  
  71  7:27  Pylon  
  71  7:28  Probe (Chrono Boost)  
  73  7:30  Void Ray, Stargate  
  77  7:40  Pylon  
  77  7:41  Pylon  
  71  8:16  Void Ray  
  71  8:17  Void Ray x3  
  87  8:23  Robotics Facility  
  87  8:27  Robotics Facility  
  87  8:43  Mothership Core (Chrono Boost)  
  87  8:45  Nexus  
  87  8:48  Pylon  
  89  8:49  Probe (Chrono Boost)  
  89  8:54  Pylon  
  90  9:11  Immortal  
  90  9:15  Observer  
  95  9:40  Immortal  
  99  9:51  Void Ray, Immortal  
  107  10:19  Immortal  
  111  10:26  Pylon  
  111  10:29  Pylon  
  111  10:30  Void Ray, Immortal  
  111  10:31  Pylon  
  119  10:58  Immortal  
  123  11:09  Immortal  
  127  11:14  Void Ray x2  
  127  11:15  Void Ray  
  139  11:37  Immortal  
  143  11:42  Pylon  
  143  11:44  Pylon  
  143  11:46  Pylon  
  143  11:48  Immortal  
  144  12:00  Probe (Chrono Boost)  
  145  12:10  Probe (Chrono Boost)  
  146  12:16  Immortal  
  129  13:06  Void Ray  
  129  13:07  Void Ray x2  
  141  13:21  Immortal  
  145  13:48  Immortal  
  149  14:01  Immortal  
Show
View Real Time Build Order
Export as new Build Order

BlobbyColoss Protoss 

Build Orders: Zealot Archon, Dark Templar Rush 

Get SALT Encoding   

  12  0:01  Probe (Chrono Boost)  
  13  0:20  Pylon  
  14  0:21  Probe (Chrono Boost)  
  14  0:32  Probe (Chrono Boost)  
  15  0:39  Forge  
  15  0:54  Gateway  
  15  0:56  Probe (Chrono Boost)  
  15  1:09  Probe (Chrono Boost)  
  16  1:17  Assimilator  
  16  1:20  Probe (Chrono Boost)  
  16  1:21  Assimilator  
  17  1:30  Probe (Chrono Boost)  
  18  1:43  Cybernetics Core  
  18  1:45  Pylon  
  18  1:48  Probe (Chrono Boost)  
  19  1:59  Probe (Chrono Boost)  
  20  2:09  Probe (Chrono Boost)  
  21  2:20  Probe (Chrono Boost)  
  21  2:21  Warp Gate  
  22  2:33  Mothership Core (Chrono Boost)  
  24  2:41  Robotics Facility  
  24  2:47  Pylon  
  24  3:03  Probe (Chrono Boost)  
  25  3:08  Twilight Council  
  25  3:09  Protoss Ground Weapons Level 1  
  25  3:13  Pylon  
  25  3:32  Warp Prism  
  27  3:46  Dark Shrine  
  27  3:51  Gateway  
  27  3:53  Gateway  
  27  4:05  Probe (Chrono Boost)  
  28  4:21  Nexus  
  28  4:46  Observer  
  29  4:59  Dark Templar  
  31  5:00  Dark Templar  
  31  5:02  Dark Templar  
  35  5:20  Probe (Chrono Boost)  
  34  5:32  Probe (Chrono Boost)  
  34  5:37  Warp Prism  
  34  5:40  Probe (Chrono Boost)  
  38  5:44  Probe (Chrono Boost)  
  38  5:47  Stalker x2  
  38  5:48  Stalker  
  43  5:50  Probe (Chrono Boost)  
  43  5:54  Protoss Ground Weapons Level 2  
  43  5:56  Probe (Chrono Boost)  
  45  6:05  Probe (Chrono Boost)  
  45  6:08  Probe (Chrono Boost)  
  47  6:12  Blink  
  47  6:15  Gateway  
  47  6:16  Probe (Chrono Boost)  
  48  6:20  Probe (Chrono Boost)  
  49  6:27  Probe (Chrono Boost)  
  51  6:32  Probe (Chrono Boost)  
  51  6:34  Assimilator  
  51  6:36  Assimilator  
  51  6:39  Probe (Chrono Boost)  
  52  6:45  Probe (Chrono Boost)  
  53  6:53  Stalker x2  
  53  6:54  Stalker  
  59  7:00  Probe x2 (Chrono Boost)  
  61  7:12  Probe (Chrono Boost)  
  62  7:17  Pylon  
  62  7:21  Pylon  
  62  7:22  Pylon  
  64  7:37  Dark Templar, Probe x2 (Chrono Boost)  
  64  7:39  Stalker x2  
  64  7:42  Archon x2  
  70  7:47  Stalker  
  70  7:49  Probe x2 (Chrono Boost)  
  64  8:01  Probe (Chrono Boost)  
  64  8:04  Dark Templar x2  
  62  8:17  Dark Templar x2  
  62  8:19  Archon  
  66  8:24  Archon  
  68  8:41  Probe x2 (Chrono Boost)  
  68  8:42  Stalker x2  
  72  8:49  Gateway  
  72  8:52  Gateway  
  72  8:53  Probe x2 (Chrono Boost), Observer  
  75  9:05  Probe x2 (Chrono Boost)  
  77  9:20  Pylon  
  77  9:41  Stalker  
  77  9:42  Stalker x2  
  77  9:43  Stalker  
  85  9:53  Pylon  
  85  9:54  Pylon  
  85  9:55  Pylon  
  85  9:59  Pylon  
  85  10:01  Pylon  
  82  10:18  Dark Templar x4  
  90  10:22  Archon x2  
  90  10:35  Cybernetics Core  
  90  10:43  Nexus  
  90  10:53  Pylon  
  76  12:06  Assimilator  
  76  12:09  Assimilator  
  76  12:25  Forge  
  76  13:01  Nexus  
  76  13:22  Probe (Chrono Boost)  
  56  14:10  Nexus  
  17  14:57  Nexus  
  17  15:04  Nexus  
  8  15:41  Nexus  
Tags
 
Add a new tag
Caveats
  • Supply blocks, unpowered buildings, or Contaminate may cause inaccurate times.
  • Supply counts are checked every 10 seconds.